 Dungeon Sprint DCSS version 0.29-a0-322-g68df515428 (webtiles) character file.

Game seed: 6476473656661559220

9876 mhtbhm the Warrior (level 11, -7/186 HPs)
             Began as a Minotaur Berserker on Apr 9, 2022.
             Was the Champion of Trog.
             Mangled by a 12-headed hydra (10 damage)
             ... while paralysed by a floating eye
             ... in the Dungeon (Sprint I: "Red Sonja").
             The game lasted 00:04:41 (3262 turns).

mhtbhm the Warrior (Minotaur Berserker)             Turns: 3262, Time: 00:04:41

Health: -7/186     AC: 13    Str: 26    XL:     11   Next: 28%
Magic:  0/10       EV:  2    Int:  4    God:    Trog [******]
Gold:   411        SH:  0    Dex: 14    Spells: 10/10 levels left

rFire   + + .      SeeInvis .   s - +5 spear (flame)
rCold   . . .      Faith    .   (no shield)
rNeg    + . .      Spirit   +   b - +1 chain mail of Wulocini {rPois rF++}
rPois   +          Reflect  .   (helmet restricted)
rElec   +          Harm     .   (no cloak)
rCorr   .          Rampage  .   (no gloves)
Will    .....      NoTele   +   (no boots)
Stlth   ..........              n - amulet "Win Lok" {Spirit rElec rN+ Will- Dex+4}
HPRegen 0.41/turn               (no ring)
MPRegen 0.12/turn               (no ring)

@: paralysed, berserking (expiring)
A: horns 2, retaliatory headbutt
a: Renounce Religion, Berserk, Trog's Hand, Brothers in Arms


You were in the Dungeon.
You worshipped Trog.
Trog was exalted by your worship.
You visited 1 branch You collected 1425 gold pieces.
You spent 1014 gold pieces at shops.

Inventory:

Hand Weapons
 a - a +1 glaive
 s - a +5 spear of flaming (weapon)
 t - a +2 antimagic bardiche
Missiles
 o - 5 curare-tipped darts (quivered)
Armour
 b - the +1 chain mail of Wulocini (worn) {rPois rF++}
   (You bought it in a shop in the Dungeon)

   rF:        It greatly protects you from fire.
   rPois:     It protects you from poison.
Jewellery
 l - a ring of ice
 n - the amulet "Win Lok" (around neck) {Spirit rElec rN+ Will- Dex+4}
   (You found it in the Dungeon)

   [amulet of guardian spirit]

   It causes incoming damage to be divided between your reserves of health and
   magic.
   Dex:       It affects your dexterity (+4).
   rElec:     It insulates you from electricity.
   rN:        It protects you from negative energy.
   Will:      It decreases your willpower.
Wands
 i - a wand of iceblast (5)
Scrolls
 h - 4 scrolls of blinking
 k - a scroll of vulnerability {unknown}
 m - 2 scrolls of fog {unknown}
 p - a scroll of identify {unknown}
 q - a scroll of amnesia {unknown}
 r - a scroll of magic mapping {unknown}
Potions
 c - 4 potions of curing
 d - 6 potions of heal wounds
 e - a potion of haste
 f - 2 potions of magic
 g - a potion of berserk rage
 j - a potion of flight {unknown}


   Skills:
 + Level 20.1 Fighting
 + Level 20.1 Polearms
 + Level 11.9 Armour
 + Level 10.1 Dodging
 + Level 5.3 Stealth
 + Level 2.1 Evocations


You had 10 spell levels left.
You didn't know any spells.
Your spell library was empty.

Dungeon Overview and Level Annotations

Branches:
Dungeon (1/1)

Altars:
Cheibriados
Dithmenos
Elyvilon
Fedhas
Gozag
Hepliaklqana
Kikubaaqudgha
Makhleb
Nemelex Xobeh
Okawaru
Qazlal
Ru
Sif Muna
Trog
Uskayaw
Vehumet
Wu Jian
Xom
Yredelemnul
Zin
The Shining One
Jiyva
Lugonu

Shops:
D **[[*((*:[=:[(*[(


Innate Abilities, Weirdness & Mutations

You have a pair of horns on your head.
You reflexively headbutt those who attack you in melee.


Message History

The 12-headed hydra barely misses you. The 12-headed hydra bites you!
The 12-headed hydra bites you. The 12-headed hydra bites you!
The 12-headed hydra bites you but does no damage. x3
The 12-headed hydra bites you.
The 12-headed hydra bites you but does no damage.
The 12-headed hydra bites you!
The 12-headed hydra bites you but does no damage. x2
The floating eye's view fixates on you. The 12-headed hydra bites you! x3
The 12-headed hydra completely misses you.
The 12-headed hydra bites you!
* * * LOW HITPOINT WARNING * * *
The 12-headed hydra bites you.
* * * LOW HITPOINT WARNING * * *
The 12-headed hydra completely misses you.
The 12-headed hydra bites you!
* * * LOW HITPOINT WARNING * * *
The 12-headed hydra bites you.
* * * LOW HITPOINT WARNING * * *
The 12-headed hydra bites you.
* * * LOW HITPOINT WARNING * * *
The 12-headed hydra bites you.
* * * LOW HITPOINT WARNING * * *
The 12-headed hydra bites you.
* * * LOW HITPOINT WARNING * * *
The 12-headed hydra bites you but does no damage.
The 12-headed hydra bites you!
* * * LOW HITPOINT WARNING * * *
The 12-headed hydra bites you.
* * * LOW HITPOINT WARNING * * *
The 12-headed hydra bites you but does no damage. x2
The 12-headed hydra bites you!
* * * LOW HITPOINT WARNING * * *
The 12-headed hydra bites you.
* * * LOW HITPOINT WARNING * * *
The 12-headed hydra bites you but does no damage.
The 12-headed hydra bites you.
* * * LOW HITPOINT WARNING * * *
The 12-headed hydra bites you!
You die...

#####################
..#..#§.§§§...§§@DG$#
..##'#§####§§§§§##§.+
.)'..#§# ##§§§## ##
###.§'.# #$###+#
.##'####..$#
§#.°...#..$#
.#○○○○°'..$$$
'###○..#.....
.'.#.°.# #''#


You could see a 12-headed hydra and a floating eye (charged).

Vanquished Creatures
  A lorocyproca (D)
  2 centaur warriors (D)
  Sonja (D)
  A deep troll (D)
  A lindwurm (D)
  An oklob plant (D)
  4 demonic crawlers (D)
  A gargoyle (D)
  2 unseen horrors (D)
  2 kobold demonologists (D)
  A hornet (D)
  A slime creature (D)
  Sigmund (D)
  A yak (D)
  13 hogs (D)
  2 redbacks (D)
  2 floating eyes (D)
  An ogre (D)
  7 necrophages (D)
  8 jellies (D)
  Ijyb (D)
  2 ballistomycete spores (D)
56 creatures vanquished.

Notes
Turn   | Place    | Note
-------+----------+-------------------------------------------
     0 | D        | mhtbhm the Minotaur Berserker began the quest for the Orb.
     0 | D        | Reached XP level 1. HP: 19/19 MP: 0/0
     1 | D        | Noticed Ijyb
     9 | D        | Killed Ijyb
    10 | D        | Reached skill level 5 in Fighting
    10 | D        | Reached skill level 5 in Polearms
    10 | D        | Reached XP level 2. HP: 6/29 MP: 1/1
   277 | D        | Noticed an ogre
   283 | D        | Killed an ogre
   284 | D        | Reached XP level 3. HP: 40/40 MP: 2/2
   284 | D        | Reached XP level 4. HP: 48/48 MP: 3/3
   320 | D        | Noticed Sigmund
   335 | D        | Killed Sigmund
   335 | D        | Reached ** piety under Trog
   336 | D        | Reached skill level 10 in Polearms
   336 | D        | Reached skill level 5 in Armour
   336 | D        | Reached XP level 5. HP: 47/58 MP: 4/4
   394 | D        | Found an ornate altar of the Wu Jian Council.
   394 | D        | Found a shimmering blue altar of Sif Muna.
   396 | D        | Found a radiant altar of Vehumet.
   400 | D        | Reached skill level 10 in Fighting
   400 | D        | Reached XP level 6. HP: 66/66 MP: 5/5
   429 | D        | Found Xaybbob's General Store.
   429 | D        | Found an ancient bone altar of Kikubaaqudgha.
   429 | D        | Found a hazy altar of Hepliaklqana.
   429 | D        | Found a stormy altar of Qazlal.
   429 | D        | Found a hide-covered altar of Uskayaw.
   429 | D        | Found a blossoming altar of Fedhas.
   429 | D        | Found a bloodstained altar of Trog.
   429 | D        | Found an iron altar of Okawaru.
   429 | D        | Found a basalt altar of Yredelemnul.
   429 | D        | Found a glowing golden altar of the Shining One.
   429 | D        | Found a snail-covered altar of Cheibriados.
   429 | D        | Found a sacrificial altar of Ru.
   429 | D        | Found a glowing silver altar of Zin.
   429 | D        | Found a shadowy altar of Dithmenos.
   429 | D        | Found a white marble altar of Elyvilon.
   429 | D        | Noticed a yak
   433 | D        | Killed a yak
   434 | D        | Reached skill level 5 in Dodging
   434 | D        | Found an opulent altar of Gozag.
   435 | D        | Found a sparkling altar of Nemelex Xobeh.
   439 | D        | Bought a scroll of blinking for 105 gold pieces
   452 | D        | Found a burning altar of Makhleb.
   452 | D        | Found a viscous altar of Jiyva.
   452 | D        | Found a shimmering altar of Xom.
   452 | D        | Found a corrupted altar of Lugonu.
   452 | D        | Noticed a slime creature
   462 | D        | Killed a slime creature
   462 | D        | Reached *** piety under Trog
   463 | D        | Reached XP level 7. HP: 56/75 MP: 6/6
   556 | D        | Noticed a centaur warrior
   556 | D        | Noticed a centaur warrior
   567 | D        | Killed a centaur warrior
   568 | D        | Reached XP level 8. HP: 42/86 MP: 7/7
   571 | D        | Killed a centaur warrior
   572 | D        | Reached skill level 15 in Polearms
   818 | D        | Noticed a deep troll
   829 | D        | HP: 4/135 [deep troll (14)]
   832 | D        | Killed a deep troll
   833 | D        | Reached skill level 15 in Fighting
   833 | D        | Reached skill level 1 in Stealth
   833 | D        | Reached XP level 9. HP: 5/97 MP: 8/8
   839 | D        | Found Poasow Gaze's Armour Emporium.
   843 | D        | Identified the amulet "Win Lok" {Spirit rElec rN+ Will-
                  | Dex+4}
  1189 | D        | Noticed Sonja
  1192 | D        | Killed Sonja
  1192 | D        | Reached **** piety under Trog
  1211 | D        | Found Losy's Assorted Antiques.
  1219 | D        | Bought a potion of heal wounds for 105 gold pieces
  1372 | D        | Paralysed by a hornet for 1 turns
  1617 | D        | Noticed an oklob plant
  1626 | D        | Killed an oklob plant
  1686 | D        | HP: 5/101 [redback (10)]
  2002 | D        | Killed an unseen horror
  2003 | D        | Reached skill level 10 in Armour
  2003 | D        | Reached skill level 1 in Evocations
  2003 | D        | Reached XP level 10. HP: 30/111 MP: 1/9
  2308 | D        | Paralysed by a floating eye for 4 turns
  2313 | D        | Reached ***** piety under Trog
  2373 | D        | Received a gift from Trog
  2442 | D        | Found Oxugiz's Armour Shoppe.
  2442 | D        | Found Ufofure's Antique Armour Shop.
  2442 | D        | Found Weorege's General Store.
  2444 | D        | Found Wasiosog's Antique Weapon Emporium.
  2444 | D        | Found Rannuod's Weapon Shop.
  2444 | D        | Found Ydwas's General Store.
  2444 | D        | Found Vewij's Book Boutique.
  2444 | D        | Found Zuvvy's Armour Emporium.
  2444 | D        | Found Dehexkemo's Jewellery Shop.
  2444 | D        | Found Ennisinkeo's Book Shoppe.
  2448 | D        | Found Poheoz's Armour Boutique.
  2449 | D        | Found Liaheilocw's General Store.
  2449 | D        | Found Hatawaem's Antique Weapon Boutique.
  2452 | D        | Bought a potion of heal wounds for 65 gold pieces
  2454 | D        | Found Vesonuli's Weapon Emporium.
  2455 | D        | Bought a scroll of blinking for 90 gold pieces
  2455 | D        | Bought 2 potions of heal wounds for 120 gold pieces
  2463 | D        | Bought the +1 chain mail of Wulocini {rPois rF++} for 496
                  | gold pieces
  2482 | D        | Bought a potion of curing for 33 gold pieces
  2530 | D        | Received a gift from Trog
  2534 | D        | Noticed an orange demon
  2539 | D        | Noticed an orange demon
  2660 | D        | Received a gift from Trog
  2663 | D        | Reached ****** piety under Trog
  2712 | D        | Noticed a gargoyle
  2714 | D        | Killed a gargoyle
  2724 | D        | Killed a lorocyproca
  3125 | D        | Noticed a lindwurm
  3129 | D        | Killed a lindwurm
  3130 | D        | Reached skill level 5 in Stealth
  3130 | D        | Reached XP level 11. HP: 114/123 MP: 10/10
  3164 | D        | Received a gift from Trog
  3175 | D        | Reached skill level 10 in Dodging
  3189 | D        | Received a gift from Trog
  3254 | D        | Noticed a 12-headed hydra
  3259 | D        | Paralysed by a floating eye for 3 turns
  3262 | D        | HP: 8/186 [12-headed hydra (6)]
  3262 | D        | HP: 3/186 [12-headed hydra (4)]
  3262 | D        | Mangled by a 12-headed hydra

Illustrated notes

Levels and vault maps discovered:
D:        dungeon_sprint_1 [red_sonja_temple_1, red_sonja_temple_small_1]

Skill      XL: |  1  2  3  4  5  6  7  8  9 10 11 |
---------------+----------------------------------+-----
Fighting       | 5 7 9 10 11 13 15 17 19 20 | 20.1
Polearms       | 5 8 10 12 14 16 17 19 20 | 20.1
Armour         | 3 4 5 6 7 9 10 11 | 11.9
Dodging        | 3 4 5 6 7 8 9 10 | 10.1
Stealth        | 1 2 5 |  5.3
Evocations     | 1 2 |  2.1

Action                   |  1- 3 |  4- 6 |  7- 9 | 10-12 || total
-------------------------+-------+-------+-------+-------++-------
Melee: Spear             |    12 |    32 |    80 |    67 ||   191
       Headbutt          |     4 |     6 |    17 |    39 ||    66
       Punch             |       |       |     1 |     1 ||     2
       Glaive            |       |       |       |    64 ||    64
Invok: Berserk           |     2 |       |     3 |     6 ||    11
Evoke: Wand              |       |       |     3 |       ||     3
  Use: Scroll            |       |       |     1 |       ||     1
       Potion            |       |       |     2 |       ||     2
 Stab: Sleeping          |       |       |     2 |     1 ||     3
Armor: Leather armour    |       |       |    14 |       ||    14
       Chain mail        |       |       |       |    27 ||    27
Dodge: Dodged            |     3 |     8 |    21 |    37 ||    69

Table legend: (Time is in decaauts)
 A = Elapsed time spent in this place.
 B = Non-inter-level travel time spent in this place.
 C = Inter-level travel time spent in this place.
 D = Time resting spent in this place.
 E = Time spent auto-exploring this place.
 F = Levels seen in this place.
 G = Mean time per level.
                   A        B        C        D        E       F      G
               +--------+--------+--------+--------+--------+-----+--------+
         Total |   3244 |   3244 |      0 |   2476 |      1 |   1 | 3244.0 |
       Dungeon |   3244 |   3244 |      0 |   2476 |      1 |   1 | 3244.0 |
               +--------+--------+--------+--------+--------+-----+--------+

Top non-repeatable levels by time:
       D: 3244 daAuts
